 Dungeon Crawl Stone Soup version 0.22-a0-274-gf8199ec (webtiles) character file.

5694 4thArraOfDagon the Cleaver (level 10, -3/84 HPs)
             Began as a Deep Dwarf Enchanter on Mar 13, 2018.
             Was a Priest of Makhleb.
             Slain by an ogre
             ... wielding a +0 giant spiked club
              (23 damage)
             ... on level 7 of the Dungeon.
             The game lasted 00:38:25 (6971 turns).

4thArraOfDagon the Cleaver (Deep Dwarf Enchanter)   Turns: 6971, Time: 00:38:26

Health: -3/84      AC: 17    Str: 11    XL:     10   Next: 47%
Magic:  9/9        EV:  7    Int: 20    God:    Makhleb [***...]
Gold:   165        SH:  0    Dex: 13    Spells: 6/12 levels left

rFire    + . .     SeeInvis .   q - +1 hand axe (flame)
rCold    . . .     Gourm    .   (no shield)
rNeg     . . .     Faith    .   z - +2 chain mail {rF+}
rPois    .         Spirit   .   y - +0 helmet
rElec    .         Reflect  .   (no cloak)
rCorr    .         Harm     .   o - +0 pair of gloves
MR       ++...                  s - +2 pair of boots
Stlth    ..........             (no amulet)
HPRegen  0.00/turn              l - ring of flight
MPRegen  0.11/turn              G - ring of stealth

@: non-regenerating, drained
A: damage resistance, heal wounds, magic resistance 1, sense surroundings 2, no
regeneration
a: Heal Wounds, Minor Destruction, Lesser Servant of Makhleb, Renounce Religion,
Evoke Flight


You were on level 7 of the Dungeon.
You worshipped Makhleb.
Makhleb was most pleased with you.
You were not hungry.

You visited 2 branches of the dungeon, and saw 13 of its levels.

You collected 399 gold pieces.
You spent 234 gold pieces at shops.

Inventory:

Hand Weapons
 a - a +2 dagger
 e - a +0 hand axe
 m - a +0 war axe
 q - a +1 hand axe of flaming (weapon)
 x - a +0 dagger of venom
 F - a +1 hand axe of holy wrath
Armour
 b - a +1 robe
 f - a +0 ring mail
 o - a +0 pair of gloves (worn)
 s - a +2 pair of boots (worn)
 y - a +0 helmet (worn)
 z - a +2 chain mail of fire resistance (worn)
Jewellery
 l - a ring of flight (left hand)
 G - a ring of stealth (right hand)
Wands
 k - a wand of polymorph (7)
 r - a wand of acid (5)
 v - a wand of paralysis (2)
 H - a wand of iceblast (9)
Scrolls
 c - a scroll of amnesia
 g - a scroll of blinking
 n - 6 scrolls of remove curse
 p - 6 scrolls of enchant weapon
 u - a scroll of fear
 C - a scroll of magic mapping
Potions
 h - a potion of berserk rage
 i - 2 potions of curing
 j - a potion of mutation
 t - a potion of cancellation
 w - a potion of flight
 A - 3 potions of lignification
 B - a potion of haste
 D - a potion of invisibility {unknown}
 E - a potion of brilliance
 J - a potion of agility
Comestibles
 d - 8 rations
 I - 5 chunks of flesh


   Skills:
 - Level 3.4(3.0) Fighting
 - Level 3.0(2.6) Short Blades
 * Level 12.0(11.5) Axes
 - Level 6.0(5.5) Armour
 - Level 6.4(6.0) Dodging
 - Level 3.6(3.2) Stealth
 - Level 1.7(1.3) Spellcasting
 - Level 2.4(2.0) Hexes
 - Level 4.8(4.4) Invocations
 - Level 5.0(4.6) Evocations


You had 6 spell levels left.
You knew the following spells:

 Your Spells              Type           Power        Failure   Level  Hunger
a - Corona                Hex            #......      96%         1    ##.....
b - Ensorcelled Hibernat  Hex/Ice        #.....       100%        2    ###....
c - Confuse               Hex            #.......     100%        3    ####...


Dungeon Overview and Level Annotations

Branches:
Dungeon (12/15)            Temple (1/1) D:4            Lair (0/6) D:8
    Orc (0/2) D:11

Altars:
Dithmenos
Hepliaklqana
Makhleb
Okawaru
Ru
Sif Muna
Trog
Vehumet
Xom
Zin
The Shining One

Shops:
D:5 (   D:7 !

Annotations:
D:4 Grinder


Innate Abilities, Weirdness & Mutations

You are resistant to damage.
You can heal yourself by infusing magical energy.
You passively map the area around you.
You do not regenerate.
You are resistant to hostile enchantments. (MR+)


Message History

a dagger; 18 stones; a robe You swap places.
The scorpion stings you but does no damage.
Your quasit bites the scorpion but does no damage.
Your quasit barely misses the scorpion.
Your quasit claws the scorpion but does no damage.
Your smoke demon gestures at the scorpion.
The scorpion is smitten.
The scorpion dies!
Makhleb accepts your kill.
Your base Axes skill increases to level 12!
Your white imp disappears in a puff of smoke!
Unknown command.
Found a wand of polymorph (4).
Your iron imp disappears in a puff of smoke!
k - a wand of polymorph (7) (gained 4 charges)
An ogre comes into view. It is wielding a giant spiked club.
The ogre shouts!
The ogre hits you with a giant spiked club!!
You die...

######### #.33#...#
####.##@# **
#...##O##, _* *
###.###.# *
#...##..** ,,
#....##* * , '..
#.....# , #..
#.....# , *
#...#.....# *, ,
#...#.....#######+#*
* * *


You could see an ogre, a friendly smoke demon and a friendly neqoxec.

Vanquished Creatures
  The ghost of whitenoisemaker the Destroyer, a novice DrCj (D:7)
  3 trolls
  A wyvern (D:11)
  A wraith (D:6)
  A hungry ghost (D:7)
  2 water moccasins
  A sky beast (D:6)
  2 black bears (D:8)
  A phantom (D:7)
  2 ogres
  6 centaurs
  9 bullfrogs
  2 scorpions
  5 wights (D:6)
  3 killer bees
  3 crimson imps
  4 jellies
  2 bullfrog zombies
  7 orc priests
  5 hounds
  A bullfrog skeleton (D:8)
  Jessica (D:3)
  3 iguanas
  Natasha (thrice) (D:3 D:2)
  9 orc wizards
  9 worker ants
  A hound zombie (D:5)
  A hound skeleton (D:9)
  A howler monkey zombie (D:5)
  A gnoll (D:9)
  11 adders
  3 shadow imps
  An ooze (D:1)
  2 adder zombies
  2 worms
  A dart slug (D:1)
  8 leopard geckos
  28 orcs
  4 bats
  5 giant cockroaches
  12 goblins
  5 hobgoblins
  4 jackals
  4 quokkas
  A ball python (D:3)
  3 frilled lizards (D:2)
  2 jackal skeletons (D:5)
  7 kobolds
  A leopard gecko skeleton (D:4)
  7 rats
  A fungus (D:8)
203 creatures vanquished.

Vanquished Creatures (collateral kills)
  A spriggan (D:7)
  A steam dragon (D:7)
  3 orc warriors
  Dowan (D:7)
  A scorpion (D:7)
  2 orcs (D:8)
9 creatures vanquished.

Vanquished Creatures (others)
  A kobold (D:12)
  5 fungi (D:8)
  A plant (D:8)
7 creatures vanquished.

Grand Total: 219 creatures vanquished

Notes
Turn   | Place    | Note
-------+----------+-------------------------------------------
     0 | D:1      | 4thArraOfDagon the Deep Dwarf Enchanter began the quest for the Orb.
     0 | D:1      | Reached XP level 1. HP: 15/15 MP: 3/3
    76 | D:1      | Reached skill level 1 in Short Blades
   216 | D:1      | Reached XP level 2. HP: 14/22 MP: 0/4
   222 | D:1      | Learned a level 2 spell: Ensorcelled Hibernation
   582 | D:2      | Reached XP level 3. HP: 28/28 MP: 0/4
   823 | D:2      | Reached skill level 1 in Axes
   999 | D:3      | Reached XP level 4. HP: 19/37 MP: 0/5
  1211 | D:4      | Found a staircase to the Ecumenical Temple.
  1319 | D:3      | Learned a level 3 spell: Confuse
  1374 | D:4      | Noticed an ogre
  1392 | Temple   | Entered the Ecumenical Temple
  1407 | Temple   | Became a worshipper of Makhleb the Destroyer
  1477 | D:2      | Reached skill level 1 in Fighting
  1477 | D:2      | Reached skill level 2 in Axes
  1579 | D:2      | Found a bloodstained altar of Trog.
  1797 | D:3      | Noticed Jessica
  1807 | D:3      | Killed Jessica
  1807 | D:3      | Reached skill level 3 in Axes
  1807 | D:3      | Reached XP level 5. HP: 39/44 MP: 1/5
  1836 | D:3      | Found a glowing golden altar of the Shining One.
  1901 | D:4      | Gained mutation: You are resistant to hostile enchantments. (MR+) [potion of mutation]
  1901 | D:4      | Gained mutation: Your magical capacity is low. (-10% MP) [potion of mutation]
  1901 | D:4      | Lost mutation: Your magical capacity is low. (-10% MP) [potion of mutation]
  1901 | D:4      | Gained mutation: You passively map the area around you. [potion of mutation]
  1978 | D:4      | Noticed a black bear
  2028 | D:4      | Noticed Grinder
  2058 | D:3      | Noticed Natasha
  2061 | D:3      | Killed Natasha
  2061 | D:3      | Reached skill level 4 in Axes
  2149 | D:4      | Found a shimmering altar of Xom.
  2149 | D:4      | Found a shimmering altar of Xom.
  2149 | D:4      | Found a shimmering altar of Xom.
  2149 | D:4      | Found a shimmering altar of Xom.
  2150 | D:4      | Found a shimmering altar of Xom.
  2193 | D:4      | Noticed an ogre
  2193 | D:4      | Reached * piety under Makhleb
  2209 | D:3      | Noticed Natasha
  2252 | D:2      | Killed Natasha
  2252 | D:2      | Reached XP level 6. HP: 38/54 MP: 2/6
  2303 | D:2      | Noticed Natasha
  2337 | D:2      | Killed Natasha
  2539 | D:5      | Entered Level 5 of the Dungeon
  2552 | D:5      | Noticed a water moccasin
  2592 | D:5      | Reached skill level 1 in Invocations
  2599 | D:5      | Killed a water moccasin
  2599 | D:5      | Reached skill level 5 in Axes
  2599 | D:5      | Reached skill level 1 in Armour
  2661 | D:5      | Reached XP level 7. HP: 42/61 MP: 7/7
  2681 | D:5      | Found a sacrificial altar of Ru.
  3065 | D:5      | Found Jynug's Weapon Boutique.
  3074 | D:5      | Reached ** piety under Makhleb
  3269 | D:5      | Reached skill level 6 in Axes
  3538 | D:6      | Found a shadowy altar of Dithmenos.
  3623 | D:6      | Reached XP level 8. HP: 68/69 MP: 3/6
  3671 | D:6      | Found a radiant altar of Vehumet.
  3757 | D:6      | Found a glowing silver altar of Zin.
  3793 | D:6      | Reached skill level 7 in Axes
  4260 | D:7      | Noticed Dowan
  4263 | D:7      | Noticed Duvessa
  4275 | D:6      | Reached skill level 5 in Dodging
  4276 | D:6      | Reached skill level 8 in Axes
  4409 | D:7      | Noticed Duvessa
  4409 | D:7      | Duvessa changed into Duvessa the ogre
  4422 | D:7      | Noticed Duvessa
  4422 | D:7      | Duvessa the ogre changed into Duvessa the steam dragon
  4497 | D:7      | Mutation became permanent: You passively map a small area around you. [Deep Dwarf growth]
  4497 | D:7      | Gained mutation: You passively map the area around you. [Deep Dwarf growth]
  4497 | D:7      | Reached XP level 9. HP: 62/76 MP: 8/8
  4505 | D:7      | Found Qemiddu's Distillery.
  4517 | D:7      | Bought a potion of heal wounds for 65 gold pieces
  4517 | D:7      | Bought a potion of lignification for 39 gold pieces
  4517 | D:7      | Bought a potion of haste for 130 gold pieces
  4562 | D:7      | Reached skill level 1 in Evocations
  4921 | D:7      | Noticed whitenoisemaker's ghost (novice DrCj)
  5183 | D:9      | Reached *** piety under Makhleb
  5247 | D:9      | Found an iron altar of Okawaru.
  5261 | D:9      | Reached skill level 5 in Armour
  5323 | D:8      | Reached skill level 9 in Axes
  5346 | D:9      | Noticed a troll
  5361 | D:9      | Killed a troll
  5470 | D:10     | Entered Level 10 of the Dungeon
  5832 | D:9      | Noticed a troll
  5844 | D:9      | Killed a troll
  5969 | D:11     | Noticed a troll
  6018 | D:11     | Killed a troll
  6018 | D:11     | Reached skill level 10 in Axes
  6038 | D:12     | Noticed a troll
  6046 | D:12     | Noticed an eight-headed hydra
  6062 | D:11     | Reached XP level 10. HP: 66/84 MP: 9/9
  6068 | D:11     | Reached skill level 5 in Evocations
  6462 | D:8      | Reached **** piety under Makhleb
  6553 | D:8      | Reached skill level 11 in Axes
  6568 | D:8      | Noticed a gargoyle
  6704 | D:8      | Found a glowing golden altar of the Shining One.
  6770 | D:7      | Found a deep blue altar of Sif Muna.
  6857 | D:7      | Killed whitenoisemaker's ghost
  6857 | D:7      | Killed Dowan
  6933 | D:7      | Killed Duvessa the steam dragon
  6957 | D:7      | Reached skill level 12 in Axes
  6971 | D:7      | Slain by an ogre

Vault maps used:
D:1:      sevenhm_arrival_forest_fort_small_3
D:2:      bloody_trog, grunt_ministairs_6
D:3:      lemuel_round_altar, uniq_natasha, uniq_jessica
D:4:      black_bear_nest_1, xom_redecorated, minmay_temple_entry_mist,
          uniq_grinder
D:5:      nicolae_ru_great_annihilating_truth, first_ration, serial_shops, shop
D:6:      nicolae_overflow_crystal_walls, zin_statuary,
          nicolae_dithmenos_the_darkroom
D:7:      led_sif_pool, overflow_temple_1_default, marbit_many_paths,
          serial_shops, nicolae_shop_crystal, st_stairs_13,
          grunt_decor_one_mirror, the_bakery, minmay_guarded_unrand_finisher,
          uniq_duvessa
D:8:      grunt_lair_entry_orc_guard_hut, nicolae_tso_swordbearing_angel
D:9:      lemuel_castle_with_subvaults, okawaru_altar_gauntlet_db
D:11:     orc_0_dummy
D:12:     kennysheep_blocky_hall, serial_shops, nicolae_shop_crystal, shop,
          nicolae_shop_behind_doors, shop, kennysheep_mini_moat,
          lemuel_old_faithful, uniq_fannar, uniq_josephine, uniq_nessos
Temple:   oiseaux_autumnal_temple

Skill      XL: |  1  2  3  4  5  6  7  8  9 10 |
---------------+-------------------------------+-----
Short Blades   | 2 3 |  3.0
Axes           | 1 3 4 5 6 8 10 12 | 12.0
Fighting       | 1 2 3 |  3.4
Invocations    | 1 3 4 |  4.8
Armour         | 1 2 4 6 |  6.0
Dodging        | 3 5 6 |  6.4
Evocations     | 4 5 |  5.0
Stealth        | |  3.6
Spellcasting   | |  1.7
Hexes          | |  2.4

Action                   |  1- 3 |  4- 6 |  7- 9 | 10-12 || total
-------------------------+-------+-------+-------+-------++-------
Melee: Dagger            |    76 |    58 |    13 |       ||   147
       War axe           |       |    81 |    58 |       ||   139
       Hand axe          |       |       |   423 |   176 ||   599
 Cast: Corona            |     7 |    11 |    30 |    18 ||    66
       Ensorcelled Hiber |    16 |    25 |     9 |       ||    50
       Confuse           |       |       |     1 |       ||     1
Invok: Lesser Servant of |       |       |     1 |     5 ||     6
 Abil: Heal Wounds       |     1 |     3 |     3 |       ||     7
Evoke: Wand              |       |       |    21 |     4 ||    25
  Use: Scroll            |     4 |     7 |     4 |     2 ||    17
       Potion            |       |     5 |    10 |       ||    15
 Stab: Sleeping          |    15 |    14 |     7 |     2 ||    38
       Distracted        |       |     1 |       |     2 ||     3
       Paralysed         |       |       |    32 |       ||    32
       Confused          |       |       |     1 |       ||     1
  Eat: Chunk             |     2 |     6 |    11 |     2 ||    21
       Ration            |       |     1 |     2 |     1 ||     4
Armor: Robe              |    16 |    29 |    23 |       ||    68
       Ring mail         |       |       |   182 |    56 ||   238
       Chain mail        |       |       |       |    11 ||    11
Dodge: Dodged            |    35 |   113 |   339 |    82 ||   569

Table legend:
 A = Spawn XP
 B = Non-spawn XP
 C = Spawn XP percentage of total XP
 D = Spawn monster count
 E = Non-spawn monster count
 F = Spawn count percentage of total count
 G = Total turns spent on level
                    A         B        C        D         E        F      G
               +---------+---------+-------+---------+---------+-------+---------
         Total |       0 |    8135 |   0.0 |       0 |     211 |   0.0 |  6971
               +---------+---------+-------+---------+---------+-------+---------
           D:1 |       0 |      33 |   0.0 |       0 |      15 |   0.0 |   576
           D:2 |       0 |     185 |   0.0 |       0 |      28 |   0.0 |   720
           D:3 |       0 |     145 |   0.0 |       0 |      17 |   0.0 |   788
           D:4 |       0 |     338 |   0.0 |       0 |      18 |   0.0 |   609
           D:5 |       0 |     729 |   0.0 |       0 |      26 |   0.0 |   952
           D:6 |       0 |    1235 |   0.0 |       0 |      23 |   0.0 |   676
           D:7 |       0 |    1996 |   0.0 |       0 |      23 |   0.0 |   803
           D:8 |       0 |    1132 |   0.0 |       0 |      28 |   0.0 |   561
           D:9 |       0 |    1032 |   0.0 |       0 |      18 |   0.0 |   632
          D:10 |       0 |     124 |   0.0 |       0 |       3 |   0.0 |   197
          D:11 |       0 |    1150 |   0.0 |       0 |      11 |   0.0 |   415
          D:12 |       0 |      36 |   0.0 |       0 |       1 |   0.0 |    11
               +---------+---------+-------+---------+---------+-------+---------
